[Event "German Bundesliga 2022-23"]
[Site "Germany"]
[Date "2022.10.23"]
[Round "2.14"]
[White "Hess, Max"]
[Black "Krasenkow, Michal"]
[Result "0-1"]
[ECO "B07"]
[WhiteElo "2361"]
[BlackElo "2550"]
[Annotator "TA"]
[PlyCount "132"]
[EventDate "2022.10.21"]
[EventType "team-tourn"]
[EventCountry "GER"]
[SourceTitle "playchess.com"]
[Source "ChessBase"]
[SourceQuality "1"]
[TimeControl "40/6000+30:3000+30"]

1. d4 d6 2. e4 Nf6 3. Nc3 c6 4. f4 Qa5 5. Bd3 e5 6. Nf3 Nbd7 7. O-O Be7 8. Kh1 O-O {[%emt 0:00:09] B07: Pirc Defence: Miscellaneous Systems.} 9. Qe1 Re8 10. Be3 exd4 {[%emt 0:09:36] The position is equal.} 11. Bxd4 {[%emt 0:06:23] [#]} Nc5 $146 {[%emt 0:00:18] [#]} ({Predecessor:} 11... Bf8 12. Qh4 Qh5 13. Qg3 Qg4 14. Qxg4 Nxg4 15. a4 Ngf6 16. e5 Ng4 17. Rae1 dxe5 18. fxe5 {1-0 (26) Moranda,W (2591)-Marczuk,A (1887) Wroclaw 2014}) 12. Nd5 $1 Qxe1 $1 13. Nxe7+ Rxe7 14. Raxe1 Nfd7 15. Re3 (15. Nd2 $11) 15... Nxd3 $15 16. cxd3 c5 17. Bc3 d5 18. Be1 d4 19. Re2 b6 $36 {[%emt 0:00:11][%mdl 2048] White must now prevent ...Ba6. Black is pushing.} 20. Nd2 $2 {[%emt 0:02:55] Now White is beyond hope.} (20. Bh4 $11 f6 21. Rd1) 20... Ba6 $19 21. Nc4 Bxc4 22. dxc4 Rae8 23. e5 f6 24. Bh4 Re6 25. Bg3 fxe5 26. fxe5 Nxe5 27. Rfe1 {[%emt 0:02:17][%cal Re2e5] [#]} d3 $1 28. Re4 ({But not} 28. Rxe5 $2 Rxe5 29. Rxe5 Rxe5 30. Bxe5 d2 $19) (28. Re3 d2) 28... d2 29. Rd1 {[%emt 0:00:03] [#]} Nxc4 $1 {[%emt 0:00:15][%mdl 512] Black is more active.} 30. Rxe6 Rxe6 $17 {[%emt 0:00:06][%mdl 4096] Endgame KRB-KRN} 31. b3 Nd6 32. Rxd2 Ne4 33. Rd8+ Kf7 34. Bb8 Nc3 35. Kg1 a5 ({Inferior is} 35... Nxa2 36. Bxa7 Nc1 37. Rb8 $17) (35... Re1+ 36. Kf2 Re2+ 37. Kf3 $17) 36. Rd7+ Kg6 37. Rd2 h5 38. Kf1 Kf5 39. Rc2 Nd5 40. Rd2 Ke4 41. h3 Ne3+ 42. Kg1 (42. Ke1 $142) 42... Rf6 $19 43. Rd7 g6 44. Rg7 (44. Ba7 {is a better defense.}) 44... a4 45. Ra7 (45. Re7+ $142 Kd3 46. Rd7+ Ke2 47. Rg7) 45... axb3 46. axb3 Rf1+ 47. Kh2 Rb1 48. Re7+ Kd3 49. Re6 h4 50. g4 hxg3+ 51. Kxg3 Rxb3 52. Rxg6 c4 53. h4 (53. Be5 $142 Ke4 54. Bh8) 53... c3 {[%emt 0:00:32] Threatens to win with ...c2.} 54. Rc6 Nd5 {[%emt 0:07:31] aiming for ...c2.} 55. h5 c2 {[%emt 0:00:29] ( -> ...Rc3)} 56. h6 Rb1 (56... Nc3 $142 57. Bf4 Ne2+ 58. Kh2 Nxf4) 57. Kh2 (57. Be5 $19 Rh1 58. Bb2) 57... c1=Q {[%emt 0:00:24] Black mates.} 58. Rxc1 Rxc1 59. h7 Rc8 60. Be5 b5 61. h8=Q Rxh8+ 62. Bxh8 Nc3 63. Bg7 b4 64. Bf8 b3 65. Ba3 Kc2 66. Kg2 Nb5 {[%emt 0:00:06] Weighted Error Value: White=0.62/Black=0.13 (very precise)} 0-1

[Event "German Bundesliga 2022-23"]
[Site "Germany"]
[Date "2022.10.23"]
[Round "2.15"]
[White "Babula, Vlastimil"]
[Black "Handke, Florian"]
[Result "0-1"]
[ECO "D85"]
[WhiteElo "2574"]
[BlackElo "2526"]
[Annotator "TA"]
[PlyCount "66"]
[EventDate "2022.10.21"]
[EventType "team-tourn"]
[EventCountry "GER"]
[SourceTitle "playchess.com"]
[Source "ChessBase"]
[SourceQuality "1"]
[TimeControl "40/6000+30:3000+30"]

1. d4 Nf6 2. c4 g6 3. Nc3 d5 4. cxd5 Nxd5 5. Bd2 c5 6. dxc5 {[%emt 0:26:04] D85: Exchange Grünfeld: Unusual White 7th moves and lines with 7 Nf3.} Bg7 $1 7. Qb3 Be6 8. Qxb7 {[%emt 0:03:03] White has an edge.} O-O $1 {[%emt 0:02:09][%cal Ob8d7] [#]} 9. e4 $146 (9. Qxa8 $11 {keeps the balance.} Qd7 10. e4 Nxc3 11. bxc3 (11. Bxc3 Nc6 $11)) ({Predecessor:} 9. Qxa8 Qd7 10. e4 Nb4 11. Bb5 N8c6 12. Qxf8+ Kxf8 13. Rd1 a6 14. Bh6 {½-½ (50) Assaubayeva,B (2436)-Vaishali,R (2442) Chennai 2022}) 9... Nxc3 $1 $17 10. Bxc3 Bxc3+ 11. bxc3 Nd7 12. c6 Nc5 $40 {[%emt 0:02:03][%csl LRb7,LRe4][%mdl 128] White is in trouble.} 13. Qb4 (13. Qb5 $17 Nxe4 14. Qd3) 13... Qd6 $19 14. Nf3 {[%emt 0:14:53] [#]} (14. Bb5 $17 Rfb8 15. Rd1) 14... Rab8 $1 15. Qd4 Qxc6 {[%emt 0:00:52] ...Rfd8 is the strong threat.} 16. Be2 {[%emt 0:01:22] [#]} Rb2 $1 (16... Nxe4 17. c4 $15) 17. Nd2 $2 (17. Qe3) 17... Qb6 (17... Qc7 $142 {White must now prevent ...Rd8.} 18. Rd1 Rd8) 18. Qe3 Rd8 19. Nb3 Bxb3 (19... Nxb3 20. Qxb6 axb6 21. axb3 $19) 20. axb3 Rdd2 (20... Rxb3 21. O-O $17) (20... Nxb3 $2 21. Qxb6 axb6 22. Rd1 Rxd1+ 23. Bxd1 $19) 21. Bc4 {[%emt 0:05:32] [#]} Nd3+ $1 22. Bxd3 {[%emt 0:00:57] Strongly threatening Qxb6.} Qxe3+ {[%emt 0:00:03][%mdl 64] Remove Defender} 23. fxe3 {[%emt 0:00:06] Threatens to win with Rd1.} Rxd3 24. Rxa7 Rxe3+ {[%emt 0:09:16][%mdl 4096] Endgame KRR-KRR} 25. Kd1 Rxe4 {[%emt 0:00:18] aiming for ...Rb1+.} ({And not} 25... Rxb3 26. Rxe7 Rexc3 27. Kd2 $17) (25... Rxg2 $2 26. Rc7 $19) (25... Rxc3 $2 26. Rxe7 Rcxb3 27. Rf1 Rb1+ 28. Kc2 R3b2+ 29. Kc3 Rxf1 30. Kxb2) 26. Kc1 {[%emt 0:00:37] Inhibits Rb1+.} Ree2 ({Not} 26... Rxb3 27. Kc2 Rb6 28. g3 $17) (26... Rxg2 $2 27. b4 $19) 27. Rxe7 $2 (27. g4 {was necessary.}) 27... Rec2+ (27... Rxe7 28. Kxb2 Re2+ 29. Ka3 $16) 28. Kd1 Rxg2 29. Kc1 {[%emt 0:00:54] Inhibits Rb1+.} Ra2 30. Kb1 {[%emt 0:00:09] Inhibits Ra1+.} Rgb2+ 31. Kc1 Rxb3 32. Rf1 Ra1+ 33. Kc2 Rxc3+ {[%emt 0:00:05] Black took control after the opening.  Weighted Error Value: White=0.52/Black=0.15 (very precise)} ({Weaker is} 33... Rxf1 34. Kxb3 f5 35. Ra7 $17) 0-1

[Event "German Bundesliga 2022-23"]
[Site "Germany"]
[Date "2022.10.23"]
[Round "2.15"]
[White "Maurizzi, Marc`Andria"]
[Black "Schmidek, Emil"]
[Result "1-0"]
[ECO "B15"]
[WhiteElo "2521"]
[BlackElo "2414"]
[Annotator "TA"]
[PlyCount "93"]
[EventDate "2022.10.21"]
[EventType "team-tourn"]
[EventCountry "GER"]
[SourceTitle "playchess.com"]
[Source "ChessBase"]
[SourceQuality "1"]
[TimeControl "40/6000+30:3000+30"]

1. e4 c6 2. d4 d5 3. Nc3 dxe4 4. Nxe4 Nf6 5. Nxf6+ exf6 6. Be3 Bd6 {[%emt 0:00:14] B15: Caro-Kann: 3 Nc3: 3...g6 and 3...dxe4 4 Nxe4 Nf6 5 Nxf6+ exf6.} 7. Bd3 Nd7 8. Ne2 f5 {[%emt 0:00:20] [#] The position is equal.} 9. Qd2 $146 ({Predecessor:} 9. O-O Nf6 10. c4 O-O 11. Qc2 Ng4 12. h3 Nxe3 13. fxe3 g6 14. Rf3 Bd7 15. Raf1 {1-0 (29) Vokhidov,S (2552)-Keymer,V (2672) Chess.com INT 2022}) 9... Nf6 10. Ng3 g6 11. O-O Be6 12. Rfe1 Nd5 13. Bg5 Be7 14. Bxe7 Nxe7 15. Ne2 Qd6 16. Nf4 O-O-O 17. c3 Nd5 18. Nxe6 fxe6 19. Re5 Nf6 20. h3 {[%emt 0:04:42] Against Ng4} Nd7 21. Re3 c5 (21... Rhe8 $11) 22. Rae1 ({White should try} 22. Qe1 $16) 22... Rhe8 $14 23. Bb5 $36 {[%emt 0:03:05][%mdl 2048] White is pushing.} e5 24. Rd3 (24. d5 $14) 24... cxd4 $1 $11 25. cxd4 e4 26. Ra3 Kb8 27. Ree3 (27. Rc1 $11) 27... Rf8 28. Reb3 Nc5 $2 (28... Nb6 $1 $17 {and life is bright.}) 29. Qa5 $1 $18 Nxb3 30. Qxa7+ Kc7 31. Rxb3 {[%emt 0:03:14] White wants to mate with Rc3+.} Rc8 32. Bf1 {[%emt 0:06:02][%mdl 1024] White has strong compensation.} (32. Rc3+ Kd8 $15) 32... Rb8 {[%emt 0:03:06] [#]} 33. a4 {[%emt 0:00:02] White is more active.} ({White should play} 33. Ba6 $1 $16 ) 33... Rfc8 $1 $11 34. Qa5+ Kd7 35. d5 (35. Rb6 $11 Qxd4 36. Rb4) 35... Rc5 (35... Rc1 $142 $1 {White must now prevent ...Qc5.} 36. Rc3 Rd1) 36. Qa7 {[%emt 0:00:04] Prevents Qc5.} (36. Rb5 $17 Rxb5 37. Bxb5+ Ke7 38. Qa7) 36... Rxd5 (36... Qc7 $19 {Hoping for ...b6.} 37. a5 b6 38. axb6 Qxa7 39. bxa7 Ra8 40. Rb7+ Rc7) 37. g3 (37. Rxb7+ $11 {keeps the balance.} Rxb7 38. Qxb7+ Ke8 39. Qxh7) 37... Rd1 {[%emt 0:00:13][%cal Od6d5] Strongly threatening ...Qd5!} 38. Kg2 $1 Qd5 (38... Rd2 $15 39. Rxb7+ Rxb7 40. Qxb7+ Qc7) 39. Rb5 Qd6 40. a5 {[%emt 0:04:45][%cal Ba4a5,Ba5a6][%mdl 32] Chess con chili.} Ke8 $2 {[%emt 0:00:52][%mdl 8192] [#]} (40... Rd2 $11) 41. a6 $1 $18 Rxf1 42. Kxf1 {[%emt 0:00:00] KQR-KQR} Rd8 $2 (42... Qd1+ $2 43. Kg2 Rd8 44. Rxb7 $18) (42... f4) 43. Rxb7 (43. Qxb7 Qd1+ 44. Kg2 Qf3+ 45. Kh2 Qxf2+ 46. Kh1 Rd1#) 43... f4 {[%emt 0:00:48] [#]} 44. Kg2 $1 (44. Rxh7 Qd1+ 45. Kg2 Qf3+ 46. Kh2 fxg3+ 47. fxg3 Rd2+) 44... Qd5 45. gxf4 ({And not} 45. Re7+ Kf8 46. Qb7 (46. gxf4 e3+ 47. f3 Qd2+ 48. Kg3 Qe1+ 49. Kg4 Qg1+ 50. Kh4 Qe1+ 51. Kg4 Qg1+ 52. Kh4 Qe1+ 53. Kg4 $11) 46... f3+ 47. Kg1 Qc4 $11) 45... Qh5 46. Re7+ Kf8 47. Rxe4 {[%emt 0:00:00] Weighted Error Value: White=0.23 (precise) /Black=0.53} ({Worse is} 47. Rxh7 Qf3+ 48. Kh2 Qxf4+ 49. Kg2 Qf3+ 50. Kh2 Qf4+ 51. Kg2 Qf3+ 52. Kh2 Qf4+ $11) (47. Rf7+ $142 Kg8 48. Rd7) 1-0

[Event "German Bundesliga 2022-23"]
[Site "Germany"]
[Date "2022.10.23"]
[Round "2.15"]
[White "Dudin, Gleb"]
[Black "Buhmann, Rainer"]
[Result "1-0"]
[ECO "E06"]
[WhiteElo "2471"]
[BlackElo "2561"]
[Annotator "TA"]
[PlyCount "81"]
[EventDate "2022.10.21"]
[EventType "team-tourn"]
[EventCountry "GER"]
[SourceTitle "playchess.com"]
[Source "ChessBase"]
[SourceQuality "1"]
[TimeControl "40/6000+30:3000+30"]

1. d4 Nf6 2. c4 e6 3. Nf3 d5 4. g3 Be7 5. Bg2 O-O 6. O-O c6 7. Nc3 a5 {[%emt 0:00:32] E06: Closed Catalan: Early deviations.} 8. Nd2 b5 9. cxb5 cxb5 {[%emt 0:00:05] The position is equal.} 10. Nxb5 Qb6 11. Nc3 {[%emt 0:02:09] [#]} Nc6 $146 ({Predecessor:} 11... Qxd4 12. e4 Ba6 13. Nb3 Qb4 14. a3 Qb7 15. Re1 Rd8 16. exd5 Nc6 17. d6 Rxd6 {1-0 (27) Yilmazyerli,M (2520)-Zakarian,D (2300) Paleochora 2022}) 12. Nb3 Ba6 13. Re1 Rfc8 14. Bg5 Bc4 15. Na4 Qa7 16. Nbc5 Bb5 17. e3 Nb4 18. Bxf6 Bxf6 19. Bf1 Be8 20. a3 Nc6 21. Nc3 {[%emt 0:00:24] Pair of Knights!} Rd8 22. Rc1 e5 23. Bg2 Ne7 24. dxe5 {[%emt 0:03:58] White has more active pieces.} Bxe5 25. Nd3 ({Don't play} 25. Nxd5 $6 Bxb2 26. Rb1 Qxc5 $11) 25... Bf6 26. Nf4 Rab8 27. Re2 $36 {[%emt 0:00:35][%cal Rc3d5][%mdl 2048] Keeping Black busy.} d4 28. exd4 Bxd4 29. Qe1 Ng6 30. Nfd5 h5 (30... Bc6 $142) 31. Rd1 Bd7 32. Qd2 Bc5 (32... Bxc3 $16 33. Nxc3 Qb6) 33. Bf3 h4 {[%emt 0:00:40] [#]} 34. Qg5 (34. b4 $1 $18 axb4 35. axb4) 34... Be8 $2 {[%emt 0:01:02][%mdl 8192] This costs Black the game.} (34... Re8 $16) 35. gxh4 $18 f6 {[%emt 0:01:55] [#]} 36. Rxe8+ $1 Rxe8 37. Qxg6 Bxf2+ 38. Kh1 {[%emt 0:01:34] Nxf6+ would kill now.} Bxh4 39. Ne4 {[%emt 0:03:27][%cal Rd5f6] Intending Ndxf6+ and mate.} Rf8 (39... Qf7 $18 40. Qg4 Bg5) 40. Nd6 Bg5 41. Be4 {[%emt 0:52:04] Weighted Error Value: White=0.25 (precise) /Black=0.40} 1-0

[Event "German Bundesliga 2022-23"]
[Site "Germany"]
[Date "2022.10.23"]
[Round "2.16"]
[White "Naumann, Alexander"]
[Black "Wachinger, Nikolas"]
[Result "1/2-1/2"]
[ECO "E06"]
[WhiteElo "2513"]
[BlackElo "2432"]
[Annotator "ChessBase"]
[PlyCount "101"]
[EventDate "2022.10.21"]
[EventType "team-tourn"]
[EventCountry "GER"]
[SourceTitle "playchess.com"]
[Source "ChessBase"]
[SourceQuality "1"]
[TimeControl "40/6000+30:3000+30"]

1. d4 Nf6 2. c4 e6 3. Nf3 d5 4. g3 Be7 5. Bg2 O-O 6. Nc3 dxc4 7. Ne5 c5 8. dxc5 Qxd1+ 9. Nxd1 Bxc5 10. O-O Nd5 11. Ne3 Nxe3 12. Bxe3 Bxe3 13. fxe3 c3 14. bxc3 f6 15. Nc4 Nd7 16. Rab1 Rb8 17. Na5 Nc5 18. Nc6 Ra8 19. Rb5 bxc6 20. Rxc5 Bd7 21. Rd1 Rfd8 22. Ra5 Kf8 23. Rb1 Ke7 24. Rb7 Kd6 25. c4 Rdc8 26. c5+ Ke7 27. Ra3 Rab8 28. Rbxa7 Kd8 29. Rd3 Rc7 30. Ra6 Ke7 31. Rb3 Rxb3 32. axb3 g5 33. Rb6 Kd8 34. Be4 h6 35. Rb8+ Rc8 36. Rxc8+ Kxc8 37. b4 Kc7 38. Kf2 Be8 39. Bd3 Bh5 40. Bc4 Bg4 41. e4 e5 42. Ke3 Bh5 43. Kd2 Bg6 44. Bd3 Bh7 45. Kc3 Bg6 46. Kb3 Bh7 47. Ka4 Bg6 48. Ka5 Bh7 49. b5 cxb5 50. Kxb5 Bg6 51. Kb4 1/2-1/2

[Event "German Bundesliga 2022-23"]
[Site "Germany"]
[Date "2022.10.23"]
[Round "2.16"]
[White "Morgunov, Marc"]
[Black "Koellner, Ruben Gideon"]
[Result "1/2-1/2"]
[ECO "C64"]
[WhiteElo "2417"]
[BlackElo "2403"]
[Annotator "TA"]
[PlyCount "42"]
[EventDate "2022.10.21"]
[EventType "team-tourn"]
[EventCountry "GER"]
[SourceTitle "playchess.com"]
[Source "ChessBase"]
[SourceQuality "1"]
[TimeControl "40/6000+30:3000+30"]

1. e4 e5 2. Nf3 Nc6 3. Bb5 Bc5 4. O-O Nd4 5. Nxd4 Bxd4 6. c3 Bb6 7. d4 c6 8. Ba4 d6 9. Na3 Nf6 10. Nc4 Bc7 $1 {[%emt 0:00:00] [#] White must now prevent ...b5. C64: Ruy Lopez: Classical Defence (3...Bc5) except 4 0-0 Nf6.} 11. dxe5 (11. Bc2 $5 ) 11... dxe5 {[%emt 0:00:00] ...b5 is the strong threat.} 12. Qxd8+ Kxd8 {[%emt 0:00:00] The position is equal.} 13. Bc2 Be6 14. Ne3 g6 {[%emt 0:03:03] Against Nf5} 15. b3 Ke7 {[%emt 0:01:36] [#]} 16. Ba3+ $146 ({Predecessor:} 16. g3 Rhd8 17. Ba3+ Bd6 18. Bxd6+ Rxd6 19. f4 Ng4 20. Nxg4 Bxg4 21. Rf2 Rad8 22. Kg2 {0-1 (35) Klaus,I (2148)-Terraz,C (2126) Germany 2005}) 16... Bd6 17. Bxd6+ Kxd6 18. f3 Rhd8 19. Rfd1+ Ke7 20. Kf2 Rd5 $2 {[%emt 0:00:08][%mdl 8192] [#]} 21. Rd2 $4 Rxd2+ {[%emt 0:00:20][%mdl 32768] Weighted Error Value: White=0.53/Black=0.78. An unexpected result.} 1/2-1/2

[Event "German Bundesliga 2022-23"]
[Site "Germany"]
[Date "2022.10.23"]
[Round "2.16"]
[White "Muetsch, Annmarie"]
[Black "Kuznecovs, Nikita"]
[Result "1-0"]
[ECO "C03"]
[WhiteElo "2238"]
[BlackElo "2301"]
[Annotator "TA"]
[PlyCount "101"]
[EventDate "2022.10.21"]
[EventType "team-tourn"]
[EventCountry "GER"]
[SourceTitle "playchess.com"]
[Source "ChessBase"]
[SourceQuality "1"]
[TimeControl "40/6000+30:3000+30"]

1. e4 e6 2. d4 d5 3. Nd2 Be7 4. Bd3 c5 5. dxc5 Nf6 6. Qe2 O-O 7. Ngf3 {[%emt 0:00:21] C03: French Tarrasch: Unusual Black 3rd moves.} Na6 8. e5 Nd7 $1 9. Bxa6 {[%emt 0:04:25] White is better.} bxa6 10. b4 {[%emt 0:00:08] [#]} Rb8 $146 ({Predecessor:} 10... Qc7 11. Nb3 f6 12. Bb2 fxe5 13. Nxe5 Bf6 14. f4 Bh4+ 15. g3 Rxf4 16. O-O-O Re4 {0-1 (27) Mohammad,M (2279)-Neelash,S (2418) Dhaka 2021}) 11. a3 f6 (11... a5 $16 {was necessary.}) 12. O-O Nxe5 13. Nxe5 fxe5 14. Qxe5 Rxb4 15. axb4 Bf6 {[%emt 0:00:07] [#]} 16. Qg3 Bxa1 17. Nf3 Bc3 ({Black should try} 17... Bf6) 18. Bf4 $1 $16 Bxb4 19. Be5 Qd7 20. Bd4 ({White should play} 20. Bd6 $1 $16 Rd8 21. Ne5 (21. Qh4 Bc3 $11)) 20... Ba5 {[%emt 0:19:56][%cal Bb4a5,Ba5c7,Bc7d8][%mdl 32] [#]} 21. Ne5 $1 {[%emt 0:00:52][%mdl 1024] White has strong compensation.} Qb7 22. c3 Bc7 23. c6 Qb5 24. Qg5 $40 {[%emt 0:04:45][%mdl 128] Black must now prevent Ng4. White attacks.} Bd8 $1 (24... Rf5 $2 25. Qe7 Bxe5 26. Bxe5 $18) 25. Qg4 Bf6 26. h4 Qa4 (26... a5 $142) 27. Qg3 {[%emt 0:01:31] White has more active pieces.} Qc2 $2 {[%emt 0:02:05][%mdl 8192] [#]} (27... Qa5 $16 {was called for.}) 28. Nd7 $1 $18 Bxd7 (28... Bxd4 $2 29. Nxf8 e5 30. cxd4 $18) 29. Bxf6 {[%emt 0:00:36][%csl Gf6][%cal Rg3g7][%mdl 64] Pin} ({Worse is} 29. cxd7 Bxd4 30. cxd4 Qc6 $11) 29... Qg6 30. Qxg6 ({Less strong is} 30. cxd7 Qxf6 31. Rb1 e5 $14) 30... hxg6 31. Be7 Bxc6 32. Bxf8 Kxf8 {[%emt 0:00:05][%mdl 4096] Endgame KR-KB} 33. Ra1 Bb5 34. f4 Ke7 35. Kf2 Kd6 36. Ke3 Kc5 37. g4 Kc4 38. Ra3 Kc5 39. Ra1 (39. Ra2 $142) 39... Kc4 $1 40. Kd2 {[%emt 0:00:37] Strongly threatening Re1.} Kb3 (40... a5 $142 41. Rxa5 a6) 41. Rb1+ Kc4 42. Re1 Bd7 43. f5 gxf5 44. gxf5 e5 45. Rxe5 {[%emt 0:00:57] White threatens Re7 and mate.} a5 46. h5 (46. Re7 $142 Bxf5 47. Rc7+ Kb5 48. Rxg7) 46... d4 47. cxd4 {[%emt 0:01:27] White mates.} Kxd4 48. Rxa5 Ke4 49. h6 gxh6 50. f6 Be6 51. Rxa7 {[%emt 0:00:10] Weighted Error Value: White=0.17 (very precise) /Black=0.44} 1-0

[Event "German Bundesliga 2022-23"]
[Site "Germany"]
[Date "2022.11.26"]
[Round "3"]
[White "Indjic, Aleksandar"]
[Black "Moiseenko, Alexander"]
[Result "1-0"]
[ECO "B23"]
[WhiteElo "2631"]
[BlackElo "2582"]
[Annotator "TA"]
[PlyCount "105"]
[EventDate "2022.10.21"]
[EventType "team-tourn"]
[EventCountry "GER"]
[SourceTitle "playchess.com"]
[Source "ChessBase"]
[SourceQuality "1"]
[TimeControl "40/6000+30:3000+30"]

1. e4 c5 2. Nc3 e6 3. Nge2 Nc6 4. g3 d5 5. exd5 exd5 6. d4 $1 {[%emt 0:00:30] B23: Closed Sicilian: Lines without g3.} Nf6 7. Be3 cxd4 8. Bxd4 {[%emt 0:00:30] White is slightly better.} Nxd4 9. Qxd4 {[%emt 0:00:30] [#]} Qa5 $146 ({Predecessor:} 9... Be7 10. Bg2 O-O 11. O-O-O Bf5 12. Nxd5 Nxd5 13. Qxd5 Qc8 14. Nd4 Bg4 15. Rd3 Rb8 {1-0 (59) Jurkovic,H (2270)-Popovic,I (2195) Zadar 1994}) 10. O-O-O {[%emt 0:08:30] Strongly threatening Nf4.} Bc5 11. Qe5+ Be6 12. Bh3 {[%emt 0:03:30] Inhibits Ng4.} (12. Nxd5 $2 Nxd5 13. Rxd5 O-O $1 $19) (12. Nd4 {simplifies} Bxd4 13. Qxd4 O-O 14. f3) 12... O-O 13. Bxe6 fxe6 14. Nd4 $36 {[%emt 0:11:30][%mdl 2048] White has some pressure.} Bxd4 (14... Rae8 $11 {remains equal.}) 15. Qxe6+ $16 ({Much weaker is} 15. Rxd4 $6 Rfe8 $11) 15... Rf7 16. Rxd4 Re8 17. Qd6 {[%emt 0:04:30] White has more active pieces.} Ne4 18. Qxd5 Qxd5 19. Nxd5 {[%emt 0:00:30] Threatens to win with Re1.} Nxf2 20. Rg1 g5 21. b3 Kg7 22. Rd2 Nh3 {[%emt 0:02:30] [#]} 23. Rgg2 Re1+ 24. Rd1 Re5 25. c4 Kg6 26. Kc2 Kh5 27. Kc3 Nf2 {[%emt 0:02:55] [#]} 28. Rd2 Ne4+ (28... Ref5 $16 {keeps fighting.} 29. Kb4 Rf3) 29. Kd4 $18 Nxd2 30. Kxe5 {[%emt 0:00:30][%mdl 4096] Endgame KRN-KRN} Nf3+ 31. Ke6 Kg6 32. Ne7+ Kg7 33. Nf5+ Kf8 34. g4 h5 35. h3 (35. gxh5 Rxf5 36. Kxf5 Nh4+ 37. Ke5 (37. Kxg5 Nxg2 38. Kf5 Kf7 $18) 37... Nxg2 $18) 35... hxg4 36. hxg4 ({Weaker is} 36. Rxg4 Rc7 37. Rg3 Rc6+ 38. Kd5 Nh4 39. Rxg5 Nxf5 $18) 36... Nh4 37. Rd2 Nxf5 38. gxf5 {[%emt 0:00:30] KR-KR} Re7+ (38... Kg7 $142 39. Rg2 Rf6+ 40. Ke5 Rc6 41. Rxg5+ Kf7) 39. Kf6 {[%emt 0:00:00] Threatening mate with Rd8+.} g4 40. Rd8+ Re8 41. Rd7 Rc8 42. Rf7+ Ke8 43. Rxb7 {[%emt 0:00:00] Black must now prevent Kg7.} g3 44. Rg7 Rc6+ 45. Ke5 Ra6 46. Rxg3 Rxa2 47. Rg7 {[%emt 0:00:00] And now c5 would win.} a5 48. Rb7 {[%emt 0:03:00] White threatens c5 and mate.} a4 49. bxa4 {[%emt 0:00:30] White mates.} Rxa4 50. c5 Rc4 51. Ke6 Re4+ 52. Kf6 Rc4 53. Re7+ {[%emt 0:27:53] Weighted Error Value: White=0.04 (flawless) /Black=0.40} 1-0

[Event "German Bundesliga 2022-23"]
[Site "Germany"]
[Date "2022.11.26"]
[Round "3"]
[White "Dinstuhl, Volkmar"]
[Black "Watson, William N"]
[Result "1-0"]
[ECO "E70"]
[WhiteElo "2379"]
[BlackElo "2492"]
[Annotator "TA"]
[PlyCount "107"]
[EventDate "2022.10.21"]
[EventType "team-tourn"]
[EventCountry "GER"]
[SourceTitle "playchess.com"]
[Source "ChessBase"]
[SourceQuality "1"]
[TimeControl "40/6000+30:3000+30"]

1. d4 Nf6 2. c4 g6 3. Nc3 Bg7 4. e4 O-O 5. h3 c5 6. d5 {[%emt 0:00:30] E70: King's Indian: Miscellaneous lines with 4 e4, including 5 Nge2 and 5 Bd3 0-0 6 Nge2.} e6 7. Bd3 a6 (7... exd5 $11 8. cxd5 (8. Nxd5 Nxe4 9. Ne2 Re8 $15) 8... Re8) 8. a4 {[%emt 0:00:30] White is slightly better.} exd5 9. cxd5 (9. Nxd5 Nxe4 10. Bxe4 Re8) 9... Re8 10. Nge2 d6 {[%emt 0:03:30] [#]} 11. Bf4 $146 ({Predecessor:} 11. O-O Nbd7 12. Re1 Rb8 13. Ng3 Qc7 14. Be3 c4 15. Bf1 b5 16. axb5 axb5 17. b4 Nh5 18. Nge2 Ne5 19. Ra7 Qd8 {0-1 (52) Sachdev,T (2422)-Gupta,A (2634) Glasgow 2014}) 11... Nh5 12. Bh2 f5 (12... Qc7 $11) 13. exf5 Bxf5 14. O-O $1 Bxd3 15. Qxd3 Qe7 (15... c4 $16 {might work better.} 16. Qd2 (16. Qxc4 Nd7 $16) 16... Nd7) 16. g4 $1 $18 Nf6 {[%emt 0:00:00] [#]} 17. Nf4 $1 Nbd7 18. Ne6 Ne5 19. Bxe5 dxe5 20. Rae1 Nxd5 (20... Rab8 $16) 21. Nxd5 (21. Nxg7 Nf4 22. Qf3 Kxg7 $17) 21... Qxe6 22. Nc7 $1 Qc6 23. Nxa8 (23. Nxe8 $6 Rxe8 24. Qc4+ Kh8) 23... Rxa8 24. Qc4+ Kh8 25. Rc1 Rf8 26. Qxc5 Qxa4 27. Qd5 {[%emt 0:00:30] Prevents Qb3.} h5 28. Qc4 Qe8 29. Rce1 Qe7 30. Re4 Qf6 31. Qe2 Qg5 32. Rd1 Qf6 33. Kg2 Qc6 34. Rd2 Bh6 35. Rc2 Qd5 36. b4 (36. gxh5 gxh5 37. Kf1 Rf5 38. Rc8+ Kg7 $18) 36... hxg4 37. hxg4 Bf4 38. Qc4 $2 (38. Qf3 $18 {[%cal Oe4f4] And now Rxf4! would win.} Qf7 39. Rec4) 38... Qd7 $1 $11 (38... Qd1 39. Qe2 Qd6 40. Rec4 $16) 39. f3 {[%emt 0:01:50] Black must now prevent Qc7.} Rd8 (39... Qd1 40. Qc3 Kh7 41. Re1 $16) (39... Qh7 $1 $11 {remains equal.} 40. Kg1 Qh4) 40. Qc7 (40. Rxf4 $6 exf4 41. Qxf4 Qe6 $14) 40... Qd1 41. Rce2 Rd7 42. Qc2 Qd6 43. Re1 Kg7 44. Rc4 Qb6 ({Black should play} 44... Kf6 $14) 45. Qf2 (45. Rd1 $16 Rf7 46. Qc3) 45... Qd8 (45... Rd2 46. Re2 Rxe2 47. Qxe2 $16) 46. Rc2 Rd4 (46... Qh8 47. Rh1 Qd8 48. Qh4 $16) 47. Re4 Rxe4 48. fxe4 {[%emt 0:00:03][%mdl 4096] Endgame KQR-KQB} Qd3 $2 {[%emt 0:03:21] Black cannot hold the game after this.} (48... Qe7 $11 {and Black stays safe.}) 49. Rc7+ $18 Kg8 50. Qf3 {[%emt 0:01:26] Dancing on a razor blade.} ({And not} 50. Rxb7 Qxe4+ 51. Qf3 Qc2+ 52. Kg1 Qc1+ 53. Kg2 (53. Qf1 Be3+ 54. Kg2 Qc2+ 55. Kf3 Qc6+ 56. Kxe3 Qxb7 $15) 53... Qc2+ 54. Qf2 Qe4+ 55. Qf3 Qc2+ $11) 50... Qd2+ {[%emt 0:01:14] [#]} (50... Qb1 51. Qe2 (51. Rxb7 Qc2+ 52. Kf1 Qc1+ 53. Kf2 Qc2+ 54. Qe2 Qb3 $16) 51... Qxb4) 51. Kf1 $1 {[%emt 0:00:07] White threatens Qb3+ and mate.} Qxb4 52. Qd3 {[%emt 0:00:52] Against Qb1+. Intending Qd5+ and mate.} Qd4 53. Qb3+ Kh8 54. Qh3+ {[%emt 0:00:06] Weighted Error Value: White=0.26 (precise) /Black=0.45} 1-0